 Dungeon Crawl Stone Soup version 0.29.1-15-g9cfb28693d (webtiles) character file.

Game seed: 1674078658000250402

74 hawla the Firebug (level 4, 0/33 HPs)
             Began as a Meteoran Fire Elementalist on Apr 10, 2023.
             Slain by a gnoll sergeant
             ... wielding a +4 vorpal spear
              (5 damage)
             ... on level 4 of the Dungeon.
             The game lasted 00:03:09 (837 turns).

hawla the Firebug (Meteoran Fire Elementalist)       Turns: 837, Time: 00:03:10

Health: 0/33       AC:  2    Str: 10    XL:     4   Next: 82%
Magic:  4/10       EV: 13    Int: 18    God:
Gold:   90         SH:  0    Dex: 14    Spells: 3/10 levels left

rFire   + . .      SeeInvis .   (no weapon)
rCold   + . .      Faith    .   (no shield)
rNeg    . . .      Spirit   .   a - +0 robe
rPois   +          Reflect  .   (no helmet)
rElec   +          Harm     .   (no cloak)
rCorr   +          Rampage  .   (no gloves)
Will    .....                   (no boots)
Stlth   +.........              (no amulet)
HPRegen 0.11/turn               (no ring)
MPRegen 0.12/turn               (no ring)

@: about to teleport, resistant, glowing, invisible (but backlit and visible)
A: sense surroundings 1, otherworldly, glowing, explore regen
a: no special abilities


You were on level 4 of the Dungeon.
You visited 1 branch of the dungeon, and saw 4 of its levels.

You collected 90 gold pieces.

Inventory:

Armour
 a - a +0 robe (worn)
Jewellery
 e - an amulet of the acrobat
Scrolls
 g - a scroll of identify {unknown}
Potions
 f - a potion of attraction {unknown}
 i - a potion of heal wounds {unknown}


   Skills:
 - Level 2.9 Dodging
 - Level 1.4 Stealth
 - Level 3.6 Spellcasting
 + Level 2.3 Conjurations
 - Level 4.7 Fire Magic


You had 3 spell levels left.
You knew the following spells:

 Your Spells              Type           Power      Damage    Failure   Level
a - Foxfire               Conj/Fire      64%        2x1d7     3%          1
b - Scorch                Fire           40%        2d7       3%          2
c - Flame Wave            Conj/Fire      16%        2d7       34%         4

Your spell library contained the following spells:

 Spells                   Type           Power      Damage    Failure   Level
 Conjure Flame            Conj/Fire      16%        6-21      11%         3
 Inner Flame              Hex/Fire       11%        N/A       17%         3


Dungeon Overview and Level Annotations

Branches:
Dungeon (4/15) Zot: 1562
 Temple: D:4-7

Altars:

Annotations:
D:4 Dowan, Duvessa


Innate Abilities, Weirdness & Mutations

You passively map a small area around you.
You are easily found by Zot.
You glow in the dark.
You regain HP and MP as you explore.


Message History

Confirm with . or Enter, or press ? or * to list all spells.
Flames lash the ball python.
You kill the ball python!
The foxfire hits the gnoll sergeant but does no damage. x2
Unknown command.
Casting: Scorch (safe; 3% risk of failure)
Confirm with . or Enter, or press ? or * to list all spells.
You conjure some foxfire!
Casting: Foxfire (safe; 3% risk of failure)
Confirm with . or Enter, or press ? or * to list all spells.
Flames lash the hound.
The hound is heavily wounded.
The hound's fire resistance burns away.
The foxfire hits the gnoll sergeant.
The gnoll sergeant is lightly wounded.
The foxfire hits the gnoll sergeant.
The gnoll sergeant is lightly wounded.
The gnoll sergeant hits you from afar with a +4 vorpal spear!
Casting: Scorch (safe; 3% risk of failure)
Confirm with . or Enter, or press ? or * to list all spells.
You conjure some foxfire!
The foxfire hits the hound.
The hound is burned terribly!
The hound is severely wounded.
The gnoll sergeant hits you from afar with a +4 vorpal spear.
As you read the scroll of teleportation, it crumbles to dust.
You feel strangely unstable.
The foxfire hits the gnoll sergeant but does no damage.
The gnoll sergeant is lightly wounded.
The hound barely misses you.
The gnoll sergeant hits you from afar with a +4 vorpal spear.
* * * LOW HITPOINT WARNING * * *
x2 It was a potion of invisibility.
You become transparent, but the glow from your body prevents you from becoming completely invisible.
The hound bites you.
* * * LOW HITPOINT WARNING * * *
The hound barely misses you. The gnoll sergeant closely misses you.
It was a potion of resistance.
You feel protected. The hound closely misses you.
The gnoll sergeant hits you from afar with a +4 vorpal spear.
You die...

, #..# * #..# #..#
, , #..# ,
#..####* , #.....
.##############†h#
*
.............gg.@#
####.#############
#.# #.# #.# #g#
#.# ####g# ..<..#


You could see a gnoll sergeant, a hound (combustible) and a gnoll.

Vanquished Creatures
  An iguana (D:4)
  2 adders
  5 bats
  4 endoplasms
  4 goblins
  2 hobgoblins
  4 kobolds
  2 ball pythons
  3 frilled lizards
  3 rats
30 creatures vanquished.

Vanquished Creatures (others)
  66 foxfires
66 creatures vanquished.

Grand Total: 96 creatures vanquished

Notes
Turn   | Place    | Note
-------+----------+-------------------------------------------
     0 | D:1      | hawla the Meteoran Fire Elementalist began the quest for
                  | the Orb.
     0 | D:1      | Reached XP level 1. HP: 14/14 MP: 5/5
   133 | D:1      | Reached XP level 2. HP: 16/20 MP: 4/6
   136 | D:1      | Learned a level 2 spell: Scorch
   186 | D:1      | Reached skill level 4 in Fire Magic
   415 | D:2      | Reached XP level 3. HP: 26/26 MP: 2/8
   536 | D:4      | Noticed Duvessa
   538 | D:4      | Noticed Dowan
   752 | D:4      | Reached XP level 4. HP: 17/33 MP: 0/10
   757 | D:4      | Learned a level 4 spell: Flame Wave
   793 | D:4      | Noticed a gnoll sergeant
   837 | D:4      | Slain by a gnoll sergeant

Illustrated notes

Levels and vault maps discovered:
D:1:      tarquinn_simple_flora_water_a, layout_basic
D:2:      minmay_thinvault, layout_loops_corners,
          chequers_ecumenical_altar_island, minmay_hexomino_u4, uniq_sigmund
D:3:      layout_basic
D:4:      layout_loops_ring, mainiacjoe_overflow_alcove_4,
          ebering_ghost_rock_garden, uniq_duvessa

Skill      XL: |  1  2  3  4 |
---------------+-------------+-----
Fire Magic     | 4 |  4.7
Spellcasting   | 3 |  3.6
Conjurations   | 2 |  2.3
Dodging        | |  2.9
Stealth        | |  1.4

Action                   |  1- 3 |  4- 6 || total
-------------------------+-------+-------++-------
Melee: Unarmed           |    11 |     2 ||    13
 Cast: Foxfire           |    30 |    10 ||    40
       Scorch            |    10 |     4 ||    14
  Use: Scroll            |     4 |     1 ||     5
       Potion            |       |     3 ||     3
Armor: Robe              |     5 |     1 ||     6
Dodge: Dodged            |     7 |    12 ||    19
